Map: 环轨星港 (3.0.5 Balance v1.0)

Players

私奔不成被逼婚 - Winner!

  • Race: Terran Terran

houlaiwyiss

  • Race: Protoss Protoss
  • League: Gold

VOD

Have the link to the VOD?

Description

Time

  • Played on: Dec. 16, 2015, 3:24 a.m.
  • Length: 12:32
Show
View Real Time Build Order
Export as new Build Order

私奔不成被逼婚 Terran - Winner!

Build Orders: MMM Bio 

Get SALT Encoding   

  12  0:01  SCV  
  13  0:13  SCV  
  14  0:17  Supply Depot  
  14  0:25  SCV  
  15  0:36  Refinery  
  15  0:39  SCV  
  16  0:45  Barracks  
  16  0:51  SCV  
  17  1:03  SCV  
  18  1:15  SCV  
  19  1:27  SCV  
  20  1:33  Reaper  
  20  1:39  Command Center  
  21  1:42  SCV  
  22  1:54  SCV  
  22  2:05  Barracks Reactor  
  22  2:06  SCV  
  23  2:11  Supply Depot  
  23  2:16  Refinery  
  23  2:18  Orbital Command  
  23  2:28  Factory  
  23  2:34  Bunker  
  23  2:48  Marine x2  
  23  2:51  SCV  
  27  2:52  Orbital Command  
  26  3:06  Barracks  
  25  3:16  Starport  
  25  3:22  SCV x2, Barracks Tech Lab  
  27  3:33  Barracks, Widow Mine  
  29  3:36  Widow Mine  
  31  3:42  Stimpack  
  31  3:46  Marine  
  32  3:49  SCV  
  32  3:50  SCV  
  34  3:58  Medivac  
  34  4:00  Refinery  
  34  4:02  Barracks Tech Lab  
  36  4:04  Marine  
  36  4:06  Barracks  
  36  4:07  Widow Mine  
  39  4:12  Widow Mine  
  39  4:14  SCV x2  
  43  4:21  Barracks Tech Lab  
  43  4:24  Supply Depot  
  43  4:28  Supply Depot  
  43  4:29  SCV x2  
  45  4:33  Starport Reactor  
  45  4:37  Combat Shields  
  45  4:41  SCV  
  46  4:49  SCV  
  47  4:53  SCV  
  47  4:54  Barracks  
  48  5:01  SCV  
  48  5:04  Marauder x2  
  48  5:05  SCV  
  48  5:06  Marauder  
  56  5:13  Medivac  
  58  5:25  Marauder  
  60  5:33  Marauder  
  62  5:41  Marine  
  62  5:44  Marauder  
  62  5:48  Marine  
  59  6:02  SCV x2  
  56  6:13  Barracks Reactor  
  56  6:14  SCV, Medivac x2  
  56  6:16  Barracks Reactor  
  58  6:28  SCV x2  
  58  6:32  Supply Depot  
  60  6:34  Supply Depot  
  60  6:37  Marauder, Marine  
  63  6:40  SCV x2  
  65  6:48  Supply Depot  
  65  6:49  Engineering Bay  
  65  6:56  Engineering Bay  
  65  7:00  Marine x2  
  67  7:01  Marine  
  67  7:04  Concussive Shells  
  70  7:15  Marine x2  
  70  7:16  Marauder x2  
  74  7:24  Missile Turret x2  
  73  7:36  SCV x2  
  75  7:41  Marauder x3, Marine x2  
  83  7:48  SCV x2  
  83  7:49  Missile Turret  
  85  7:53  Missile Turret  
  85  8:10  Marauder x2, Marine x2  
  85  8:11  Marauder, Medivac, Marine  
  92  8:14  Medivac  
  90  8:32  Marauder  
  80  8:47  Marauder  
  80  8:48  Marauder  
  78  8:49  Marine  
  78  8:50  Marine x2  
  78  8:51  Marine  
  73  8:59  Marauder  
  72  9:07  Marine  
  72  9:08  Marine x3  
  72  9:09  Marauder, Marine  
  76  9:19  Marine  
  77  9:25  Marine  
  78  9:34  Terran Infantry Weapons Level 1, Terran Infantry Armor Level 1, Marine x2  
  78  9:35  Marauder x2  
  84  9:45  Refinery  
  84  9:49  Armory  
  84  9:50  Supply Depot  
  84  9:51  Marauder, Marine x2  
  84  9:52  Marine, Medivac x2  
  93  9:56  Marauder  
  93  9:59  Command Center  
  95  10:19  Marauder x3, Marine x3  
  104  10:25  Supply Depot  
  104  10:34  Marine  
  105  10:37  Marine  
  105  10:40  Marauder x2  
  110  10:59  Marauder, Marine x3  
  110  11:02  Marauder x2  
  119  11:05  Supply Depot  
  119  11:07  SCV  
  119  11:08  SCV  
  121  11:21  Marauder  
  121  11:23  Marauder  
  125  11:27  Supply Depot  
  125  11:35  Orbital Command  
  125  11:46  SCV x2  
Show
View Real Time Build Order
Export as new Build Order

houlaiwyiss Protoss 

Build Orders: 1 Gate Expand 

Get SALT Encoding   

  12  0:03  Probe (Chrono Boost)  
  13  0:13  Probe (Chrono Boost)  
  14  0:19  Pylon  
  14  0:24  Probe (Chrono Boost)  
  15  0:37  Probe (Chrono Boost)  
  15  0:38  Gateway  
  15  0:42  Assimilator  
  17  0:50  Probe (Chrono Boost)  
  17  1:00  Probe (Chrono Boost)  
  18  1:11  Probe (Chrono Boost)  
  19  1:24  Nexus  
  19  1:33  Cybernetics Core  
  19  1:39  Probe (Chrono Boost)  
  20  1:43  Assimilator  
  20  2:07  Probe (Chrono Boost)  
  21  2:09  Warp Gate  
  21  2:10  Adept (Chrono Boost)  
  23  2:23  Pylon  
  23  2:34  Pylon  
  23  2:38  Robotics Facility  
  23  2:40  Adept (Chrono Boost)  
  25  2:49  Probe  
  25  2:50  Mothership Core  
  28  3:01  Probe  
  29  3:12  Probe  
  30  3:15  Adept (Chrono Boost)  
  30  3:19  Probe  
  32  3:22  Gateway  
  32  3:24  Probe  
  34  3:29  Probe  
  36  3:34  Observer (Chrono Boost)  
  36  3:39  Probe  
  36  3:40  Probe  
  37  3:41  Pylon  
  37  3:45  Adept  
  40  3:57  Gateway  
  40  4:04  Warp Prism (Chrono Boost)  
  40  4:07  Probe  
  43  4:14  Probe  
  44  4:21  Twilight Council  
  44  4:24  Probe  
  44  4:25  Probe  
  44  4:26  Assimilator  
  46  4:31  Adept  
  46  4:36  Probe  
  46  4:37  Probe  
  49  4:43  Pylon  
  50  4:47  Probe  
  50  4:49  Probe  
  50  4:50  Adept  
  54  4:58  Probe  
  54  4:59  Pylon  
  55  5:01  Probe  
  55  5:03  Pylon  
  56  5:08  Probe, Blink  
  56  5:13  Pylon  
  57  5:16  Adept  
  57  5:18  Probe  
  57  5:19  Probe  
  61  5:30  Observer (Chrono Boost)  
  38  5:50  Stalker x3  
  42  6:05  Probe  
  42  6:06  Probe  
  40  6:14  Stalker x2  
  40  6:15  Stalker, Probe  
  40  6:18  Probe  
  48  6:20  Observer (Chrono Boost)  
  49  6:27  Probe  
  50  6:34  Probe  
  50  6:39  Immortal (Chrono Boost), Probe  
  55  6:46  Probe  
  57  6:55  Probe  
  58  7:02  Probe  
  58  7:06  Probe, Assimilator  
  58  7:07  Stalker  
  62  7:14  Probe  
  63  7:16  Probe  
  64  7:27  Adept x2  
  68  7:33  Probe  
  68  7:35  Probe  
  70  7:37  Stalker  
  70  7:41  Immortal (Chrono Boost)  
  76  7:44  Probe  
  77  7:53  Probe  
  77  7:54  Probe  
  78  8:00  Pylon  
  78  8:02  Stalker x3, Pylon  
  73  8:29  Adept  
  73  8:30  Adept x2  
  59  9:01  Stalker x3  
  61  9:04  Probe  
  61  9:06  Probe  
  59  9:16  Probe  
  59  9:17  Probe  
  59  9:27  Probe  
  59  9:28  Nexus  
  59  9:29  Probe  
  61  9:37  Probe  
  61  9:41  Stalker x3  
  66  9:47  Probe  
  67  9:55  Probe  
  67  9:59  Assimilator  
  69  10:00  Probe  
  69  10:02  Pylon  
  69  10:14  Stalker x3  
  73  10:17  Probe  
  76  10:23  Probe  
  77  10:33  Pylon  
  77  10:35  Pylon  
  77  10:38  Gateway  
  77  10:40  Pylon  
  77  10:44  Stalker x2, Pylon  
  77  10:46  Pylon  
  81  10:53  Immortal (Chrono Boost)  
  85  10:58  Probe  
  85  11:02  Forge  
  86  11:05  Probe x2  
  86  11:09  Assimilator  
  88  11:13  Probe  
  88  11:14  Pylon  
  89  11:21  Probe, Robotics Facility  
  90  11:36  Sentry x3  
  100  11:40  Immortal (Chrono Boost)  
  100  11:45  Probe  
  100  11:50  Probe  
  100  11:51  Forge  
  64  12:25  Stalker  
  55  12:30  Stalker x2  
Tags
 
Add a new tag
Caveats
  • Supply blocks, unpowered buildings, or Contaminate may cause inaccurate times.
  • Supply counts are checked every 10 seconds.